 Dungeon Crawl Stone Soup version 0.30-a0-52-g86a8295270 (webtiles) character file.

Game seed: 1710344098778308568

8540 Newt the Markskobold (level 11, -4/68 HPs)
             Began as a Kobold Hunter on Sept 6, 2022.
             Was a Priest of Qazlal.
             Slain by a caustic shrike simulacrum (12 damage)
             ... on level 2 of the Abyss.
             The game lasted 00:15:46 (12572 turns).

Newt the Markskobold (Kobold Hunter)               Turns: 12572, Time: 00:15:47

Health: -4/68      AC: 13    Str:  8    XL:     11   Next: 57%
Magic:  1/12       EV: 20    Int: 12    God:    Qazlal [***...]
Gold:   193        SH:  4    Dex: 22    Spells: 10/10 levels left

rFire   + + .      SeeInvis .    a - +1 shortbow
rCold   + + .      Faith    .    (shield currently unavailable)
rNeg    . . .      Spirit   .    x - +3 leather armour {rC+}
rPois   +          Reflect  .    B - +2 helmet {rF+}
rElec   +          Harm     .    m - +0 cloak
rCorr   +          Rampage  .    i - +0 pair of gloves
Will    .....                    s - +0 pair of boots
Stlth   ++........               (no amulet)
HPRegen 0.21/turn                (no ring)
MPRegen 0.13/turn                (no ring)

@: resistant
A: small, no large weapons, nightstalker 3
a: Renounce Religion, Upheaval, Elemental Force


You were on level 2 of the Abyss.
You worshipped Qazlal.
Qazlal was most pleased with you.
You visited 2 branches of the dungeon, and saw 10 of its levels.
You visited the Abyss 1 time.
You also visited: Bailey.

You collected 494 gold pieces.
You spent 301 gold pieces at shops.

Inventory:

Hand Weapons
 a - a +1 shortbow (weapon)
Armour
 c - a +0 leather armour
 h - a +0 kite shield
 i - a +0 pair of gloves (worn)
 m - a +0 cloak (worn)
 s - a +0 pair of boots (worn)
 x - a +3 leather armour of cold resistance (worn)
 B - a +2 helmet of fire resistance (worn)
 D - a +1 chain mail of cold resistance
 E - a +1 ring mail of poison resistance
Jewellery
 f - an amulet of faith
 n - a ring of fire
 r - a ring of positive energy
 y - a ring of see invisible
 C - a ring of protection from cold
 F - a +6 ring of intelligence
Wands
 o - a wand of quicksilver (18)
 t - a wand of mindburst (14)
Scrolls
 b - 3 scrolls of immolation
 k - 3 scrolls of teleportation
 u - 2 scrolls of enchant armour
 v - a scroll of poison
Potions
 d - 3 potions of brilliance
 e - 3 potions of curing
 g - 2 potions of heal wounds
 l - a potion of invisibility
 q - a potion of resistance
 w - 2 potions of degeneration {unknown}
 z - 2 potions of might {unknown}
 A - 3 potions of mutation {unknown}


   Skills:
 - Level 8.0 Fighting
 + Level 15.8 Ranged Weapons
 - Level 4.0 Armour
 - Level 8.0 Dodging
 - Level 1.3 Stealth
 - Level 1.4 Invocations
 - Level 8.0 Evocations


You had 10 spell levels left.
You didn't know any spells.
Your spell library contained the following spells:

 Spells                   Type           Power      Damage    Failure   Level
 Foxfire                  Conj/Fire      0%         2x1d4     43%         1
 Scorch                   Fire           0%         2d5       56%         2
 Conjure Flame            Conj/Fire      0%         6-21      80%         3
 Inner Flame              Hex/Fire       0%         N/A       80%         3
 Flame Wave               Conj/Fire      0%         2d4       99%         4
 Petrify                  Tmut/Erth      0%         N/A       99%         4
 Metabolic Englaciation   Hex/Ice        0%         N/A       100%        5
 Statue Form              Tmut/Erth      0%         N/A       100%        6
 Summon Cactus Giant      Summ           0%         N/A       100%        6


Dungeon Overview and Level Annotations

Branches:
Dungeon (9/15)             Temple (1/1) D:6          Bailey (visited)
   Lair: D:8-11         Orc: D:9-12

Altars:
Ashenzari
Cheibriados
Dithmenos
Elyvilon
Fedhas
Gozag
Hepliaklqana
Kikubaaqudgha
Makhleb
Nemelex Xobeh
Okawaru
Qazlal
Ru
Trog
Uskayaw
Vehumet
Wu Jian
Xom
Yredelemnul
Zin
The Shining One

Shops:
D:7 *

Annotations:
D:9 Psyche


Innate Abilities, Weirdness & Mutations

You are small and have problems with some larger weapons.
You are completely attuned to the shadows.


Message History

You feel your power leaking away.
Deactivating autopickup; reactivate with Ctrl-A.
You clumsily bash something but do no damage.
The hell hound is engulfed in blessed fire.
The hell hound bites you but does no damage.
Something closely misses you.
The ophan harnesses the cleansing power of fire!
The bolt of fire hits you. You resist.
* * * LOW HITPOINT WARNING * * *
Blink to where?
Press: ? - help, Q - select action, (/) - cycle Dir - move target
As you read the scroll of blinking, it crumbles to dust.
You feel much better.
Unknown command.
The reaper shouts, "You must die NOW!"
The reaper shouts, "I have come for you, Newt!"
The lorocyproca attacks as you move away!
The lorocyproca misses you.
The lorocyproca attacks as you move away!
The lorocyproca misses you.
The hell hound bites you but does no damage.
The raiju bursts into living lightning!
The living lightning hits you. You resist.
* * * LOW HITPOINT WARNING * * *
The raiju blinks! x2
The hell hound bites you but does no damage.
Unknown command.
The raiju attacks as you move away! The raiju closely misses you.
A caustic shrike simulacrum comes into view.
The hell hound closely misses you.
Really attack while wielding your +1 shortbow?
Okay, then.
The caustic shrike simulacrum claws you but does no damage.
The hell hound bites you.
* * * LOW HITPOINT WARNING * * *
The caustic shrike simulacrum claws you!
* * * LOW HITPOINT WARNING * * *
The caustic shrike simulacrum freezes you!
You resist.
You die...

# ## # # .#
...#. 2 ## . # .
. .#.#. . .
#.##.#.## ..# #
# ..##. .. .. ##
.x##.##.. #
#.....§. ..
#.....#Z# .
##2#...@.###
.##.#...#h..###
# #.
..#....h##.## #
......##...##.#.
..#.
..h#..§....#
#h#h#.h#......#
##.#§#§...###. .
#.#§§##... #....
#.. #§###.# ###.


You could see a raiju, a hell hound, a small abomination and a caustic shrike
simulacrum.

Vanquished Creatures
  Erica (D:8)
  2 two-headed ogres (D:9)
  Pikel (D:8)
  A gargoyle (Bailey)
  A troll (D:9)
  A hornet (D:8)
  Prince Ribbit (D:7)
  A vampire (Bailey)
  A ynoxinul (Abyss:1)
  4 wyverns
  2 yaks (D:9)
  A basilisk (D:9)
  Menkaure (D:4)
  4 water moccasins
  3 sky beasts
  6 ice beasts
  2 black bears
  2 centaurs
  A lemure (D:8)
  2 phantoms
  2 kobold brigands (D:8)
  Blork the orc (D:6)
  2 bullfrogs
  A gnoll sergeant (D:5)
  4 necrophages
  6 scorpions
  4 wights (D:9)
  3 howler monkeys
  5 wolf zombies (Bailey)
  8 vampire bats (Bailey)
  A hound (D:5)
  4 iguanas
  3 orc wizards (D:7)
  4 adders
  11 gnolls
  2 white imps
  2 worms
  13 dart slugs
  16 orcs
  5 endoplasms
  A giant cockroach (D:2)
  12 goblins
  9 hobgoblins
  9 jackals
  12 kobolds
  3 ball pythons
  7 bats
  3 frilled lizards
  21 orc zombies (Bailey)
  9 rats
221 creatures vanquished.

Vanquished Creatures (others)
  3 fungi
  3 plants (D:9)
6 creatures vanquished.

Grand Total: 227 creatures vanquished

Notes
Turn   | Place    | Note
-------+----------+-------------------------------------------
     0 | D:1      | Newt the Kobold Hunter began the quest for the Orb.
     0 | D:1      | Reached XP level 1. HP: 12/12 MP: 1/1
   190 | D:1      | Reached XP level 2. HP: 18/18 MP: 2/2
   289 | D:1      | Reached XP level 3. HP: 16/23 MP: 3/3
   720 | D:2      | Found a faded altar of an unknown god.
   919 | D:2      | Noticed a necrophage
   925 | D:2      | Killed a necrophage
   926 | D:2      | Reached skill level 6 in Ranged Weapons
   926 | D:2      | Reached XP level 4. HP: 19/29 MP: 4/4
   926 | D:2      | Reached XP level 5. HP: 22/33 MP: 5/5
  1490 | D:3      | Reached skill level 7 in Ranged Weapons
  2467 | D:4      | Noticed Menkaure
  2470 | D:4      | Killed Menkaure
  2471 | D:4      | Reached skill level 8 in Ranged Weapons
  2471 | D:4      | Reached XP level 6. HP: 33/38 MP: 6/6
  3036 | D:4      | Reached skill level 5 in Dodging
  3051 | D:4      | Reached XP level 7. HP: 43/43 MP: 7/7
  3753 | D:4      | Reached skill level 5 in Fighting
  4214 | D:5      | Entered Level 5 of the Dungeon
  4562 | D:5      | Identified the +3 leather armour "Holezo" {rCorr Int+6
                  | Dex-4}
  4578 | D:5      | Reached XP level 8. HP: 51/51 MP: 8/8
  5008 | D:5      | Reached skill level 5 in Evocations
  5024 | D:5      | Reached skill level 1 in Armour
  5985 | D:6      | Reached XP level 9. HP: 15/55 MP: 9/9
  6852 | D:6      | Found a staircase to the Ecumenical Temple.
  6938 | Temple   | Entered the Ecumenical Temple
  7210 | Temple   | Became a worshipper of Qazlal Stormbringer
  7369 | D:6      | Noticed Blork the orc
  7378 | D:6      | Killed Blork the orc
  7379 | D:6      | Reached skill level 9 in Ranged Weapons
  8320 | D:6      | Reached skill level 10 in Ranged Weapons
  8320 | D:6      | Reached skill level 1 in Invocations
  8827 | D:7      | Noticed Prince Ribbit
  8847 | D:7      | Killed Prince Ribbit
  9061 | D:7      | Identified the +4 mace "Ampuor" {freeze, rN++ Str+7 Int-2}
  9335 | D:7      | Found Wistusot's Fire Supplies.
  9341 | D:7      | Bought a +2 helmet of fire resistance for 301 gold pieces
  9486 | D:7      | Reached * piety under Qazlal
  9510 | D:7      | Reached skill level 11 in Ranged Weapons
  9567 | D:7      | Reached XP level 10. HP: 60/60 MP: 11/11
 10108 | D:8      | Identified the +3 falchion of Honour {flame, rF++ rN+++
                  | Will- MP-9}
 10134 | D:8      | Found a flagged portal.
 10140 | Bailey   | Entered a bailey
 10247 | Bailey   | Reached skill level 12 in Ranged Weapons
 10306 | Bailey   | Reached ** piety under Qazlal
 10345 | Bailey   | Noticed a gargoyle
 10357 | Bailey   | Killed a gargoyle
 10901 | D:8      | Paralysed by a hornet for 2 turns
 11064 | D:8      | Noticed Erica
 11074 | D:8      | Killed Erica
 11491 | D:8      | Noticed Pikel
 11504 | D:8      | Killed Pikel
 11505 | D:8      | Reached skill level 13 in Ranged Weapons
 11505 | D:8      | Reached XP level 11. HP: 61/68 MP: 12/12
 11942 | D:9      | Found a broken altar of Ashenzari.
 12144 | D:9      | Noticed a two-headed ogre
 12154 | D:9      | Killed a two-headed ogre
 12154 | D:9      | Reached *** piety under Qazlal
 12155 | D:9      | Reached skill level 14 in Ranged Weapons
 12280 | D:9      | Noticed a two-headed ogre
 12287 | D:9      | Killed a two-headed ogre
 12288 | D:9      | Reached skill level 15 in Ranged Weapons
 12440 | D:9      | Noticed Psyche
 12465 | Abyss:1  | Cast into level 1 of the Abyss (Psyche)
 12527 | Abyss:2  | Noticed a reaper
 12535 | Abyss:2  | Noticed an ophan
 12541 | Abyss:2  | Noticed a lorocyproca
 12561 | Abyss:2  | HP: 2/68 [ophan/bolt of fire (4)]
 12571 | Abyss:2  | Noticed a caustic shrike simulacrum
 12572 | Abyss:2  | Slain by a caustic shrike simulacrum

Illustrated notes

Levels and vault maps discovered:
D:1:      lightli_iron_boxes, layout_rooms, chequers_serial_rivers_small_b,
          item_on_display_b
D:2:      layout_basic, shapermc_ecumenical_altar_mp_urbaneastern
D:3:      layout_basic, bh_walls_and_bars
D:4:      kennysheep_slugbush, layout_cave_pods, uniq_menkaure
D:5:      layout_loops_corners
D:6:      layout_gridville, minmay_temple_entry_ruins, grunt_tough_drop,
          uniq_blork_the_orc
D:7:      corexii_shack_village, layout_basic, nicolae_shop_fire_sale
          [nicolae_sub_dead_trees], uniq_prince_ribbit1
D:8:      layout_rooms, lightli_bailey_entry_fortress, uniq_pikel, uniq_erica
D:9:      layout_roguey, marbit_many_paths, minmay_lair_entry_grove, uniq_psyche
Temple:   nicolae_temple_bog_church
Abyss:2:  base: D:9, evilmike_abyss_exit_6

Skill      XL: |  1  2  3  4  5  6  7  8  9 10 11 |
---------------+----------------------------------+-----
Fighting       | 3 4 6 8 |  8.0
Ranged Weapons | 6 8 11 13 15 | 15.8
Dodging        | 3 5 6 8 |  8.0
Evocations     | 5 8 |  8.0
Armour         | 3 4 |  4.0
Invocations    | 1 |  1.4
Stealth        | |  1.3

Action                   |  1- 3 |  4- 6 |  7- 9 | 10-12 || total
-------------------------+-------+-------+-------+-------++-------
Melee: Shortbow          |       |       |       |     1 ||     1
 Fire: Shortbow          |    63 |   118 |   401 |   426 ||  1008
Evoke: Wand              |       |       |       |     2 ||     2
  Use: Scroll            |     5 |     2 |     5 |     3 ||    15
       Potion            |       |       |     4 |     4 ||     8
Armor: Leather armour    |     3 |     9 |    65 |    87 ||   164
Dodge: Dodged            |    14 |    65 |   239 |   308 ||   626
Block: Other             |       |       |     1 |    34 ||    35

Table legend: (Time is in decaauts)
 A = Elapsed time spent in this place.
 B = Non-inter-level travel time spent in this place.
 C = Inter-level travel time spent in this place.
 D = Time resting spent in this place.
 E = Time spent auto-exploring this place.
 F = Levels seen in this place.
 G = Mean time per level.
                   A        B        C        D        E       F      G
               +--------+--------+--------+--------+--------+-----+--------+
         Total |  12643 |  12297 |    346 |   2963 |   7615 |  13 |  972.5 |
       Dungeon |  11491 |  11188 |    303 |   2963 |   6849 |   9 | 1276.8 |
        Temple |    313 |    271 |     42 |      0 |    249 |   1 |  313.0 |
         Abyss |    104 |    104 |      0 |      0 |      0 |   2 |   52.0 |
        Bailey |    733 |    733 |      0 |      0 |    516 |   1 |  733.0 |
               +--------+--------+--------+--------+--------+-----+--------+

Top non-repeatable levels by time:
     D:6: 2485 daAuts
     D:4: 1796 daAuts
     D:5: 1638 daAuts
     D:7: 1410 daAuts
     D:2: 1166 daAuts
     D:8: 958 daAuts
     D:3: 767 daAuts
  Bailey: 733 daAuts
     D:9: 729 daAuts
     D:1: 539 daAuts
  Temple: 313 daAuts
 Abyss:2: 80 daAuts
 Abyss:1: 24 daAuts
